 Dungeon Crawl Stone Soup version 0.19.1 (webtiles) character file.

293 Gargoyl the Skirmisher (level 6, -2/52 HPs)
             Began as a Ghoul Abyssal Knight on Dec 11, 2016.
             Was a Priest of Lugonu.
             Slain by a gnoll
             ... wielding a +0 spear
              (5 damage)
             ... on level 3 of the Dungeon.
             The game lasted 00:07:20 (3381 turns).

Gargoyl the Skirmisher (Ghoul Abyssal Knight)       Turns: 3381, Time: 00:07:21

Health: -2/52      AC:  5    Str: 16    XL:     6   Next: 33%
Magic:  7/7        EV: 11    Int:  7    God:    Lugonu [***...]
Gold:   81         SH:  0    Dex: 10    Spells: 0 memorised, 5 levels left

rFire  . . .     SeeInvis .     a - +1 hand axe
rCold  + . .     Gourm    .     l - +0 ring mail
rNeg   + + +     Faith    .     (no shield)
rPois  ∞         Spirit   .     (no helmet)
rElec  .         Reflect  .     (no cloak)
rCorr  .         Harm     .     (no gloves)
MR     .....                    (no boots)
Stlth  ..........               (no amulet)
                                (no ring)
                                (no ring)

@: rotting
A: rotting body, claws 1, carnivore 3, cold resistance 1, negative energy
resistance 3, slow regeneration 1, torment resistance, unbreathing
a: Depart the Abyss, Bend Space, Banish, Renounce Religion


You were on level 3 of the Dungeon.
You worshipped Lugonu.
Lugonu was most pleased with you.
You were not hungry.

You visited 1 branch of the dungeon, and saw 3 of its levels.
You visited the Abyss 1 time.

You collected 81 gold pieces.

Inventory:

Hand Weapons
 a - a +1 hand axe (weapon)
Armour
 l - a +0 ring mail (worn)
Wands
 f - a wand of confusion (28/48)
 g - a wand of confusion (28/48)
Scrolls
 b - a scroll of recharging {unknown}
 d - 5 scrolls of remove curse {unknown}
 h - a scroll of enchant weapon {unknown}
 i - a scroll of blinking {unknown}
 k - 6 scrolls of identify {unknown}
 m - a scroll of amnesia {unknown}
 p - a scroll of fog {unknown}
 q - a scroll of teleportation {unknown}
Potions
 j - a potion of flight {unknown}
 o - 2 potions of cancellation {unknown}
Books
 e - a Necronomicon

   Spells                             Type                      Level
   a - Haunt                          Necromancy/Summoning         7
   b - Borgnjor's Revivification      Necromancy                   8
   c - Death's Door                   Charms/Necromancy            8
   d - Infestation                    Necromancy                   8
   e - Necromutation                  Transmutation/Necromancy     8
Comestibles
 c - 2 meat rations
 n - 25 chunks of flesh


   Skills:
 + Level 4.2 Fighting
 + Level 3.3 Axes
 * Level 3.5 Armour
 + Level 1.8 Dodging
 * Level 3.3 Invocations


You had 5 spell levels left.
You didn't know any spells.

Dungeon Overview and Level Annotations

Branches:
Dungeon (3/15)

Altars:
Kikubaaqudgha
Nemelex Xobeh
Okawaru


Innate Abilities, Weirdness & Mutations

Your body is rotting away.
You thrive on raw meat.
You are immune to poison.
You have sharp fingernails.
You are carnivorous and can eat meat at any time.
Your flesh is cold resistant. (rC+)
You are immune to negative energy. (rN+++)
You regenerate slowly when monsters are visible.
You are immune to unholy pain and torment.
You can survive without breathing.


Message History

* * * LOW HITPOINT WARNING * * *
The goblin closely misses you. The gnoll closely misses you.
The hobgoblin hits you but does no damage.
You hit the goblin.
You kill the goblin!
Lugonu accepts your kill.
You hit the hobgoblin.
You kill the hobgoblin!
Lugonu accepts your kill.
You hit the gnoll. You hit the gnoll but do no damage. x2
The big kobold throws a stone.
The stone hits you but does no damage.
The gnoll hits you but does no damage. x2; The gnoll hits you with a club.
* * * LOW HITPOINT WARNING * * *
The gnoll hits you but does no damage.
You closely miss the hobgoblin. You barely miss the gnoll. You hit the gnoll.
You kill the gnoll!
Lugonu accepts your kill.
You barely miss the gnoll.
The gnoll hits you from afar with a spear.
You die...

####### ########
#)..(.## ##......# #
)......###.......# .#
#.......#........##'#
).......#......))gKg#
))......'.(((..(@gg.#
).......#..(....g)K.#
#.......#........##'#
+......###.(.....# .#
#.....## ##......# #
################## ≈
≈≈≈≈≈≈≈≈≈≈≈#####≈≈
≈≈≈≈≈≈≈≈≈≈≈≈≈≈≈≈≈≈
≈≈≈≈≈≈≈≈≈≈≈≈≈≈≈≈≈≈


You could see a big kobold, 4 gnolls, a hobgoblin and a kobold.

Vanquished Creatures
  Natasha (D:2)
  Terence (D:2)
  2 adders (D:2)
  6 gnolls (D:3)
  2 oozes
  3 worms
  2 dart slugs
  3 leopard geckos
  4 orcs (D:3)
  2 ball pythons (D:3)
  13 bats
  2 giant cockroaches
  25 hobgoblins
  10 jackals
  5 frilled lizards
  32 goblins
  9 kobolds
  7 rats
129 creatures vanquished.

Notes
Turn   | Place    | Note
-------+----------+-------------------------------------------
     0 | Abyss:1  | Gargoyl the Ghoul Abyssal Knight began the quest for the Orb.
     0 | Abyss:1  | Reached XP level 1. HP: 19/19 MP: 1/1
    13 | Abyss:2  | Found a corrupted altar of Lugonu.
    74 | Abyss:3  | Noticed a tentacled starspawn
    81 | D:1      | Escaped the Abyss
   231 | D:1      | Reached XP level 2. HP: 17/26 MP: 2/2
   291 | D:1      | Reached skill level 1 in Dodging
   433 | D:1      | Reached XP level 3. HP: 28/31 MP: 3/3
   450 | D:1      | Reached * piety under Lugonu
   963 | D:2      | Found a faded altar of an unknown god.
  1016 | D:2      | Reached XP level 4. HP: 33/38 MP: 4/4
  1625 | D:2      | Noticed Terence
  1638 | D:2      | Killed Terence
  1639 | D:2      | Found an ancient bone altar of Kikubaaqudgha.
  1946 | D:2      | Noticed Natasha
  1963 | D:2      | HP: 1/39 [Natasha/magic dart (4)]
  1964 | D:2      | Killed Natasha
  1964 | D:2      | Reached XP level 5. HP: 2/45 MP: 6/6
  2477 | D:2      | Reached ** piety under Lugonu
  2854 | D:3      | Found a sparkling altar of Nemelex Xobeh.
  2882 | D:3      | Found an iron altar of Okawaru.
  3130 | D:3      | Reached skill level 4 in Fighting
  3207 | D:3      | Reached XP level 6. HP: 52/52 MP: 7/7
  3273 | D:3      | Reached *** piety under Lugonu
  3380 | D:3      | HP: 2/52 [gnoll/club (4)]
  3381 | D:3      | Slain by a gnoll

Skill      XL: |  1  2  3  4  5 |
---------------+----------------+-----
Armour         | 2 3 |  3.5
Dodging        | 1 |  1.8
Axes           | 2 3 |  3.3
Invocations    | 3 |  3.3
Fighting       | 4 |  4.2

Action                   |  1- 3 |  4- 6 || total
-------------------------+-------+-------++-------
Melee: Hand axe          |   122 |   273 ||   395
Invok: Depart the Abyss  |     1 |       ||     1
  Use: Potion            |       |     1 ||     1
  Eat: Chunk             |     6 |    41 ||    47
Armor: Leather armour    |    19 |       ||    19
       Ring mail         |    63 |   125 ||   188
Dodge: Dodged            |   122 |   247 ||   369
